Map: Ruins of Endion

Players

capac - Winner!

  • Race: Terran Terran
  • League: Gold

detonator

  • Race: Terran Terran
  • League: Gold

VOD

Have the link to the VOD?

Description

Time

  • Played on: April 1, 2016, 1:38 p.m.
  • Length: 11:13
Show
View Real Time Build Order
Export as new Build Order

capac Terran - Winner!

Build Orders:  

Get SALT Encoding   

  12  0:01  SCV  
  13  0:13  SCV  
  14  0:19  Supply Depot  
  14  0:25  SCV  
  15  0:40  SCV  
  15  0:42  Barracks  
  16  0:46  Refinery  
  16  0:53  SCV  
  17  1:07  SCV  
  18  1:19  SCV  
  19  1:31  SCV  
  20  1:35  Command Center  
  20  1:37  Barracks Reactor  
  20  1:48  Orbital Command  
  20  1:57  Supply Depot  
  20  2:15  Factory, Marine x2  
  21  2:19  SCV  
  22  2:33  Marine x2  
  22  2:36  SCV  
  25  2:37  Refinery  
  25  2:50  Orbital Command  
  25  2:53  Bunker  
  25  2:56  Marine x2  
  25  2:57  SCV  
  28  3:03  Factory Tech Lab  
  28  3:10  Starport  
  28  3:14  SCV  
  29  3:26  SCV x2  
  31  3:30  Siege Tank  
  31  3:34  Marine x2  
  36  3:42  SCV  
  36  3:43  SCV  
  38  3:55  SCV x2  
  40  3:59  Supply Depot  
  40  4:03  Engineering Bay, Medivac  
  40  4:32  SCV x2  
  40  4:33  Marine  
  40  4:34  Marine  
  44  4:45  SCV  
  44  4:46  SCV  
  44  4:50  Siege Tank  
  44  4:51  Marine x2  
  44  4:52  Starport Reactor  
  51  5:01  Supply Depot  
  51  5:02  SCV x2  
  51  5:06  Refinery  
  53  5:14  SCV  
  53  5:16  Barracks  
  53  5:18  Barracks  
  54  5:22  Marine x2, SCV  
  54  5:23  Supply Depot  
  54  5:26  SCV  
  58  5:30  Medivac x2  
  62  5:45  Siege Tank, SCV x2  
  62  5:47  Supply Depot  
  66  5:57  SCV x2  
  66  5:58  Missile Turret  
  67  6:09  SCV  
  65  6:32  Viking x2  
  69  6:34  SCV x2  
  69  6:38  Command Center  
  69  6:39  Supply Depot  
  71  6:44  Starport  
  71  6:46  Siege Tank  
  74  6:49  Missile Turret  
  74  6:53  Barracks  
  74  6:54  Barracks  
  74  6:55  Barracks, SCV x2  
  74  6:57  Refinery  
  76  7:03  Supply Depot, Missile Turret  
  76  7:07  Viking x2  
  80  7:12  SCV x2  
  82  7:23  Siege Tank  
  82  7:24  SCV  
  82  7:25  SCV  
  82  7:27  Supply Depot  
  87  7:36  SCV  
  88  7:37  SCV  
  88  7:42  Barracks Tech Lab  
  88  7:43  Barracks Tech Lab, Barracks Reactor  
  89  7:49  Supply Depot, Medivac x2  
  93  7:51  Starport Reactor  
  93  8:06  Stimpack, Combat Shields  
  93  8:09  Marine  
  93  8:10  Marauder x2, Marine  
  93  8:12  Missile Turret  
  99  8:22  Marine x2  
  99  8:25  Medivac x2  
  105  8:27  Marine  
  106  8:41  Siege Tank  
  106  8:44  Medivac x2  
  106  8:45  Marine x4  
  106  8:46  Marauder, Marine  
  120  8:49  SCV x2  
  120  8:53  Orbital Command  
  122  9:04  Marauder  
  113  9:57  Marine x5  
  118  10:29  Marine x5  
  118  10:30  Marine  
  124  10:35  SCV  
  124  10:39  Missile Turret  
  125  10:42  Supply Depot  
  125  10:44  Supply Depot  
  125  10:55  SCV  
Show
View Real Time Build Order
Export as new Build Order

detonator Terran 

Build Orders: 1/1/1 

Get SALT Encoding   

  12  0:02  SCV  
  13  0:14  SCV  
  13  0:19  Supply Depot  
  14  0:26  SCV  
  15  0:36  Refinery  
  15  0:40  SCV  
  16  0:47  Barracks  
  16  0:53  SCV  
  17  1:06  SCV  
  17  1:10  Refinery  
  18  1:18  SCV  
  19  1:37  Orbital Command  
  19  1:40  Factory  
  19  1:44  Marine  
  20  1:52  Supply Depot  
  20  2:02  SCV  
  21  2:13  Marine  
  21  2:15  SCV  
  23  2:23  Supply Depot  
  23  2:27  Starport, Factory Reactor  
  23  2:31  Marine  
  24  2:39  SCV  
  25  2:46  Engineering Bay  
  25  2:49  Marine  
  26  2:52  SCV  
  27  3:03  Barracks  
  27  3:07  Marine  
  28  3:15  Medivac x2  
  28  3:17  Widow Mine  
  34  3:24  Marine  
  35  3:28  Terran Infantry Weapons Level 1  
  35  3:29  Missile Turret  
  35  3:39  SCV  
  36  3:43  Barracks Tech Lab  
  36  3:55  Factory Tech Lab  
  36  3:56  Barracks Tech Lab  
  38  4:03  Marauder  
  38  4:09  Command Center  
  34  4:37  Marine  
  30  4:48  Medivac x2  
  30  4:49  Siege Tank  
  37  4:54  Marine  
  38  5:05  Marine  
  39  5:09  Stimpack  
  39  5:14  Barracks  
  39  5:15  Barracks  
  39  5:20  Marine  
  39  5:21  Siege Tank  
  43  5:23  Supply Depot  
  43  5:31  Orbital Command  
  43  5:43  Marine  
  43  5:44  Marine  
  43  5:45  Medivac  
  43  5:48  Concussive Shells  
  44  6:17  Marine  
  44  6:32  Medivac x2  
  43  6:33  Marauder  
  43  6:35  Marine  
  46  6:41  Barracks Reactor x2  
  46  6:42  Orbital Command  
  46  6:53  Marauder  
  48  6:56  Command Center  
  48  7:10  Marine  
  48  7:14  Marine  
  50  7:18  Barracks, Marine x2  
  52  7:27  Marine  
  52  7:28  SCV  
  52  7:29  SCV  
  55  7:32  Marine  
  55  7:35  Supply Depot  
  56  7:40  SCV  
  56  7:42  Marine x3  
  56  7:43  Medivac  
  62  7:55  Supply Depot  
  62  7:57  Marine  
  63  8:04  Supply Depot  
  63  8:07  Siege Tank  
  63  8:08  Marine  
  63  8:09  Marine  
  63  8:10  Sensor Tower  
  63  8:11  Barracks Reactor  
  68  8:12  Orbital Command  
  68  8:16  Terran Infantry Armor Level 1  
  68  8:27  Marine x6  
  68  8:29  Refinery  
  68  8:30  Refinery, Missile Turret  
  74  8:44  Marine  
  74  8:46  Marine x4  
  74  8:47  Marine x2  
  81  8:59  SCV x3  
  84  9:02  Marine  
  84  9:03  Marine  
  84  9:04  Marine  
  87  9:11  SCV  
  71  9:31  Marine  
  71  9:32  Marauder x2, Marine x5  
  67  9:45  Armory  
  67  9:48  Factory  
  67  9:50  Factory  
  65  9:53  Marauder  
  65  9:54  Orbital Command  
  65  10:00  Marine x6  
  65  10:07  Marine  
  72  10:14  Marine  
  72  10:15  Siege Tank  
  72  10:17  Marine  
  72  10:18  Marine x2  
  79  10:26  SCV  
  80  10:35  SCV x2  
  82  10:39  SCV  
Tags
 
League
GoldGold
Matchup
TvT
Opening
1/1/1
Race
Terran
Add a new tag
Caveats
  • Supply blocks, unpowered buildings, or Contaminate may cause inaccurate times.
  • Supply counts are checked every 10 seconds.